 Dungeon Crawl Stone Soup version 0.24.0-123-gd5b16e6ec5 (webtiles) character file.

Game seed: 15388047465117703953, levelgen mode: deterministic

44 Descartes the Digger (level 3, 0/24 HPs)
             Began as a Formicid Earth Elementalist on Jan 8, 2020.
             Succumbed to a water moccasin's poison
             ... on level 2 of the Dungeon.
             The game lasted 00:02:47 (1555 turns).

Descartes the Digger (Formicid Earth Elementalist)  Turns: 1555, Time: 00:02:47

Health: 0/24       AC:  6    Str: 13    XL:     3   Next: 85%
Magic:  6/6        EV: 10    Int: 14    God:
Gold:   46         SH:  0    Dex: 11    Spells: 5/6 levels left

rFire    . . .     SeeInvis +   f - +1 dagger (venom)
rCold    + . .     Gourm    .   (no shield)
rNeg     . . .     Faith    .   k - +1 ring mail {rC+}
rPois    .         Spirit   .   (helmet unavailable)
rElec    .         Reflect  .   (no cloak)
rCorr    .         Harm     .   (no gloves)
MR       .....                  (no boots)
Stlth    +.........             (no amulet)
HPRegen  0.08/turn              j - ring of flight
MPRegen  0.10/turn              (no ring)

@: lethally poisoned (0 -> -11)
A: permanent stasis, dig shafts and tunnels, four strong arms, antennae 3
a: Dig, Shaft Self, Evoke Flight


You were on level 2 of the Dungeon.
You were very hungry.

You visited 1 branch of the dungeon, and saw 2 of its levels.

You collected 46 gold pieces.

Inventory:

Hand Weapons
 f - a +1 dagger of venom (weapon)
 s - a +0 hunting sling
Missiles
 b - 50 stones (quivered)
 g - 14 poisoned darts
 m - 89 sling bullets
 o - 2 javelins
 q - 6 atropa-tipped darts
Armour
 c - a +0 robe
 k - a +1 ring mail of cold resistance (worn)
 l - a +0 chain mail
Jewellery
 j - a ring of flight (left hand)
Scrolls
 a - 2 scrolls of identify {unknown}
 h - a scroll of amnesia {unknown}
 i - a scroll of teleportation {unknown}
 n - a scroll of fear {unknown}
 p - a scroll of remove curse {unknown}
 r - a scroll of immolation {unknown}
Potions
 e - a potion of invisibility {unknown}
Comestibles
 d - a ration


   Skills:
 - Level 1.7 Dodging
 - Level 2.4 Stealth
 - Level 2.1 Spellcasting
   Level 1.1 Transmutations
 + Level 5.4 Earth Magic


You had 5 spell levels left.
You knew the following spells:

 Your Spells              Type           Power        Failure   Level  Hunger
a - Sandblast             Erth           ###...       5%          1    #......

Your spell library contained the following spells:

 Spells                   Type           Power        Failure   Level  Hunger
 Passwall                 Tmut/Erth      ##......     21%         2    ###....
 Stone Arrow              Conj/Erth      #.....       45%         3    ###....
 Petrify                  Tmut/Erth      ##......     78%         4    #####..
 Lee's Rapid Deconstruct  Erth           ###.......   83%         5    ######.


Dungeon Overview and Level Annotations

Branches:
Dungeon (2/15)

Altars:


Innate Abilities, Weirdness & Mutations

You cannot be hasted, slowed, berserked, paralysed or teleported.
You can dig through walls and to a lower floor.
Your four strong arms can wield two-handed weapons with a shield.
You have a pair of large antennae on your head. (SInv)


Message History

The water moccasin barely misses you. The water moccasin bites you.
You are poisoned.
The water moccasin poisons you!
You hit the water moccasin.
The water moccasin is poisoned.
The water moccasin is moderately wounded.
You feel sick. The water moccasin bites you!
You are too injured to fight recklessly!
You miss the water moccasin.
The water moccasin is moderately wounded.
* * * LOW HITPOINT WARNING * * *
You feel sick. The water moccasin bites you.
* * * LOW HITPOINT WARNING * * *
You barely miss the water moccasin.
The water moccasin is moderately wounded.
* * * LOW HITPOINT WARNING * * *
You feel sick. The water moccasin barely misses you.
The water moccasin bites you but does no damage.
You completely miss the water moccasin.
The water moccasin is moderately wounded.
You die...

#.......#.>###.#
#..#.##.#..###.####
#....<............#
#....##.#..###.##.#
#.##.##.#..###.##.#
#. ............##.#
# ######.....####.#
#.....####.# {
#....@...#.#
#....S##.#.#
#.....# #.. #.#.###
#.#. . .. . .## ..


You could see a water moccasin.

Vanquished Creatures
  An adder (D:2)
  An ooze (D:1)
  2 dart slugs (D:1)
  3 giant cockroaches (D:1)
  6 goblins (D:1)
  4 hobgoblins (D:1)
  4 bats (D:1)
  2 frilled lizards (D:1)
  A kobold (D:1)
  2 rats (D:1)
26 creatures vanquished.

Notes
Turn   | Place    | Note
-------+----------+-------------------------------------------
     0 | D:1      | Descartes the Formicid Earth Elementalist began the quest
                  | for the Orb.
     0 | D:1      | Reached XP level 1. HP: 13/13 MP: 3/3
   270 | D:1      | Reached skill level 4 in Earth Magic
   276 | D:1      | Reached XP level 2. HP: 12/19 MP: 5/5
   840 | D:1      | Reached XP level 3. HP: 22/24 MP: 6/6
   923 | D:1      | Reached skill level 5 in Earth Magic
  1546 | D:2      | Noticed a water moccasin
  1553 | D:2      | HP: 1/24 [water moccasin (6)]
  1555 | D:2      | Succumbed to a water moccasin's poison

Levels and vault maps discovered:
D:1:      tarquinn_simple_flora_water_c, layout_basic, serial_bayou_lake_a
D:2:      layout_loops_cross, lemuel_crystal_altar, overflow_temple_1_default,
          first_ration

Skill      XL: |  1  2  3 |
---------------+----------+-----
Earth Magic    | 4 5 |  5.4
Dodging        | |  1.7
Stealth        | |  2.4
Spellcasting   | |  2.1
Transmutations | |  1.1

Action                   || total
-------------------------++-------
Melee: Short sword       ||    10
       Unarmed           ||     7
       Dagger            ||    52
 Cast: Sandblast         ||     4
  Eat: Chunk             ||     1
Armor: Robe              ||     2
       Ring mail         ||    13
Dodge: Dodged            ||    34
